 Dungeon Crawl Stone Soup version 0.30-a0-870-gc5d4c5acee (webtiles) character file.

Game seed: 2943445468009572485

1713605 cforsyth the Petrodigitator (level 27, 111/145 HPs)
             Began as a Deep Elf Earth Elementalist on Mar 11, 2023.
             Was the Champion of Vehumet.
             Escaped with the Orb
             ... and 4 runes!
             The game lasted 03:38:00 (128338 turns).

cforsyth the Petrodigitator (DEEE)                Turns: 128338, Time: 03:38:01

Health: 111/145    AC: 17    Str:  7    XL:     27
Magic:  50/50      EV: 32    Int: 37    God:    Vehumet [******]
Gold:   7237       SH: 14    Dex: 21    Spells: 9/69 levels left

rFire   + . .      SeeInvis .    a - +2 long sword of Kaceong {speed, Will++}
rCold   . . .      Faith    .    K - +1 kite shield {AC+3}
rNeg    . . .      Spirit   .    D - +3 robe of Clouds {*Thunder rCloud rElec}
rPois   .          Reflect  .    (helmet restricted)
rElec   +          Rampage  .    C - +2 cloak {rCorr}
rCorr   +          Rnd*Tele +    M - +2 pair of gloves
Will    ++++.                    O - +2 pair of boots
Stlth   +                        x - amulet of Vitality {RegenMP++ Regen++}
HPRegen 2.04/turn                k - ring of flight
MPRegen 1.12/turn                Z - ring "Zeup" {rF+ Str+2 Int+4 Dex+6}

@: mildly poisoned (111 -> 110), flying, studying Armour
A: antennae 1, dopey 1, frail 2, teleportitis 1, wild magic 2
0: Orb of Zot
}: 4/15 runes: decaying, slimy, silver, gossamer
a: Renounce Religion


You escaped.
You worshipped Vehumet.
Vehumet was exalted by your worship.
You visited 13 branches of the dungeon, and saw 57 of its levels.
You also visited: Gauntlet.

You collected 10018 gold pieces.
You spent 2781 gold pieces at shops.

Inventory:

Hand Weapons
 a - the +2 long sword of Kaceong (weapon) {speed, Will++}
   (You bought it in a shop on level 2 of the Orcish Mines)

   Will:      It greatly increases your willpower.
 b - the +7 broad axe "Lezi" {drain, Str-3 SInv Stlth+}
   (You found it on level 3 of the Swamp)

   Str:       It affects your strength (-3).
   SInv:      It lets you see invisible.
   Stlth:     It makes you more stealthy.
 U - the +9 long sword "Buraac" {spect, rC+}
   (You found it on level 4 of the Vaults)

   rC:        It protects you from cold.
Armour
 p - a +2 helmet of intelligence
 C - a +2 cloak of preservation (worn)
 D - the +3 robe of Clouds (worn) {*Thunder rCloud rElec}
   (You found it in a Gauntlet)

   *Thunder:  It occasionally creates storm clouds above nearby enemies.
   rCloud:    It grants its wearer immunity to clouds.
   rElec:     It insulates you from electricity.
 K - a +1 kite shield of protection (worn)
 M - a +2 pair of gloves (worn)
 O - a +2 pair of boots (worn)
Jewellery
 c - the ring of Mokhlanga {rPois rCorr}
   (You bought it in a shop on level 2 of the Orcish Mines)

   [ring of poison resistance]

   rPois:     It protects you from poison.
   rCorr:     It protects you from acid and corrosion.
 j - the ring "Qacopimma" {rN++ Dex+6 Stlth-}
   (You found it on level 2 of the Dungeon)

   [ring of dexterity]

   Dex:       It affects your dexterity (+6).
   rN:        It greatly protects you from negative energy.
   Stlth:     It makes you less stealthy.
 k - a ring of flight (left hand)
 n - the ring "Ehonimar" {Drain rF+++ rN+ MP-9 Int+8}
   (You found it in a Gauntlet)

   [ring of positive energy]

   Int:       It affects your intelligence (+8).
   rF:        It renders you almost immune to fire.
   rN:        It protects you from negative energy.
   MP:        It affects your magic capacity (-9).
   Drain:     It drains your maximum health when unequipped.
 w - a ring of willpower
 x - the amulet of Vitality (around neck) {RegenMP++ Regen++}
   (You found it on level 5 of the Pits of Slime)

   [amulet of magic regeneration]

   It increases your rate of magic regeneration.
   Regen:     It increases your rate of health regeneration.
 H - the ring "Qeomuiq" {+Blink rC+ Will+ Dex+3 Stlth+}
   (You found it on level 5 of the Pits of Slime)

   [ring of protection from cold]

   Dex:       It affects your dexterity (+3).
   rC:        It protects you from cold.
   +Blink:    It lets you blink.
   Will:      It increases your willpower.
   Stlth:     It makes you more stealthy.
 V - the ring of Eniuxker {rCorr Int+4 SInv}
   (You found it on level 5 of the Pits of Slime)

   [ring of see invisible]

   Int:       It affects your intelligence (+4).
   SInv:      It lets you see invisible.
   rCorr:     It protects you from acid and corrosion.
 Z - the ring "Zeup" (right hand) {rF+ Str+2 Int+4 Dex+6}
   (You bought it in a shop on level 2 of the Orcish Mines)

   [ring of dexterity]

   Str:       It affects your strength (+2).
   Int:       It affects your intelligence (+4).
   Dex:       It affects your dexterity (+6).
   rF:        It protects you from fire.
Wands
 r - a wand of quicksilver (49)
 t - a wand of digging (52)
 I - a wand of iceblast (34)
 J - a wand of polymorph (23)
 N - a wand of charming (14)
 Q - a wand of mindburst (28)
 W - a wand of flame (79)
Scrolls
 e - 16 scrolls of teleportation
 m - 10 scrolls of poison
 y - 6 scrolls of enchant armour
 z - 8 scrolls of immolation
 A - 4 scrolls of blinking
 B - 10 scrolls of vulnerability
 E - 6 scrolls of amnesia
 R - 4 scrolls of summoning
 S - 5 scrolls of fear
 T - 7 scrolls of silence
 X - 10 scrolls of fog
 Y - 6 scrolls of magic mapping
Potions
 d - 5 potions of magic
 f - 23 potions of curing
 h - 5 potions of attraction
 i - 8 potions of ambrosia
 l - 5 potions of berserk rage
 o - 11 potions of heal wounds
 q - 7 potions of lignification
 s - a potion of invisibility
 u - 9 potions of brilliance
 v - 9 potions of resistance
 F - 7 potions of flight
 G - 12 potions of haste
 L - 8 potions of cancellation
 P - 9 potions of might


   Skills:
 + Level 21.1 Fighting
 O Level 27 Dodging
 - Level 2.4 Stealth
 - Level 12.0 Shields
 - Level 21.6 Spellcasting
 + Level 26.7 Conjurations
 - Level 1.1 Transmutations
 O Level 27 Earth Magic


You had 9 spell levels left.
You knew the following spells:

 Your Spells              Type           Power      Damage    Failure   Level
a - Sandblast             Erth           100%       2d20      1%          1
b - Stone Arrow           Conj/Erth      100%       3d13      1%          3
c - Iron Shot             Conj/Erth      77%        9d14      1%          6
d - Iskenderun's Mystic   Conj/Tloc      100%       2d19      1%          4
e - Borgnjor's Vile Clut  Necr/Erth      61%        N/A       1%          5
f - Blink                 Tloc           100%       N/A       6%          2
g - Yara's Violent Unrav  Hex/Tmut       31%        3d13      14%         5
h - Shatter               Erth           77%        3d56*     1%          9
i - Lehudib's Crystal Sp  Conj/Erth      77%        10d17     1%          8
j - Lee's Rapid Deconstr  Erth           77%        3d35*     1%          5
k - Iskenderun's Battles  Conj           100%       2d15      1%          5
p - Spellforged Servitor  Conj/Summ      61%        N/A       3%          7

Your spell library contained the following spells:

 Spells                   Type           Power      Damage    Failure   Level
 Polar Vortex             Ice            29%        N/A       100%        9
 Foxfire                  Conj/Fire      100%       2x1d9     1%          1
 Magic Dart               Conj           100%       1d8       1%          1
 Momentum Strike          Conj/Tloc      100%       3d10      1%          2
 Passwall                 Tmut/Erth      100%       N/A       1%          2
 Poisonous Vapours        Pois/Air       100%       N/A       1%          2
 Dazzling Flash           Conj/Hex       100%       N/A       1%          3
 Hailstorm                Conj/Ice       100%       3d20      1%          3
 Mephitic Cloud           Conj/Pois/Air  100%       N/A       1%          3
 Fulminant Prism          Conj/Hex       61%        3d26      1%          4
 Leda's Liquefaction      Hex/Erth       61%        N/A       1%          4
 Petrify                  Tmut/Erth      100%       N/A       1%          4
 Sticky Flame             Conj/Fire      100%       2d11      1%          4
 Fireball                 Conj/Fire      61%        3d23      1%          5
 Freezing Cloud           Conj/Ice/Air   53%        6-21      1%          5
 Irradiate                Conj/Tmut      62%        3d32      1%          5
 Lightning Bolt           Conj/Air       61%        1d84      1%          5
 Conjure Ball Lightning   Conj/Air       61%        3x3d22    1%          6
 Starburst                Conj/Fire      61%        6d16      1%          6
 Orb of Destruction       Conj           77%        9d17      1%          7
 Ignite Poison            Fire/Tmut/Pois 62%        N/A       2%          3
 Beastly Appendage        Tmut           100%       N/A       3%          1
 Kindle Blastsparks       Fire/Tloc/Air  100%       2d18      3%          3
 Apportation              Tloc           100%       N/A       4%          1
 Sting                    Tmut/Pois      100%       1d8       4%          1
 Summon Small Mammal      Summ           100%       N/A       4%          1
 Wereblood                Tmut           67%        N/A       4%          2
 Call Imp                 Summ           59%        N/A       6%          2
 Cigotuvi's Dreadful Rot  Necr/Pois/Air  100%       N/A       6%          2
 Lesser Beckoning         Tloc           100%       N/A       6%          2
 Sublimation of Blood     Necr           59%        N/A       6%          2
 Airstrike                Air            29%        2d(5-21)  8%          4
 Olgreb's Toxic Radiance  Pois           59%        N/A       8%          4
 Call Canine Familiar     Summ           59%        N/A       11%         3
 Ozocubu's Armour         Ice            59%        N/A       11%         3
 Portal Projectile        Hex/Tloc       100%       N/A       11%         3
 Summon Guardian Golem    Hex/Summ       59%        N/A       11%         3
 Vhi's Electric Charge    Tloc/Air       100%       N/A       11%         3
 Ice Form                 Ice/Tmut       63%        N/A       22%         4
 Animate Dead             Necr           59%        N/A       28%         4
 Cause Fear               Hex            29%        N/A       28%         4
 Passage of Golubria      Tloc           59%        N/A       28%         4
 Summon Lightning Spire   Summ/Air       59%        N/A       28%         4
 Blade Hands              Tmut           33%        N/A       41%         5
 Alistair's Intoxication  Tmut/Pois      42%        N/A       47%         5
 Eringya's Noxious Bog    Tmut/Pois      31%        N/A       50%         6
 Silence                  Hex/Air        29%        N/A       54%         5
 Summon Forest            Summ/Tloc      29%        N/A       54%         5
 Chain Lightning          Conj/Air       61%        3d81      86%         9
 Fire Storm               Conj/Fire      61%        8d15      86%         9
 Death Channel            Necr           29%        N/A       97%         6
 Simulacrum               Ice/Necr       29%        N/A       97%         6
 Ozocubu's Refrigeration  Ice            29%        4d14      97%         7
 Dragon Form              Tmut           33%        N/A       100%        7
 Haunt                    Necr/Summ      29%        N/A       100%        7
 Malign Gateway           Summ/Tloc      29%        N/A       100%        7
 Storm Form               Tmut/Air       31%        N/A       100%        7
 Summon Hydra             Summ           29%        N/A       100%        7
 Borgnjor's Revivificati  Necr           29%        N/A       100%        8
 Ignition                 Fire           29%        3d9       100%        8
 Infestation              Necr           29%        N/A       100%        8
 Maxwell's Capacitive Co  Air            29%        ∞         100%        8
 Necromutation            Tmut/Necr      31%        N/A       100%        8
 Summon Horrible Things   Summ           29%        N/A       100%        8
 Death's Door             Necr           29%        N/A       100%        9
 Dragon's Call            Summ           29%        N/A       100%        9


Dungeon Overview and Level Annotations

Branches:
Dungeon (15/15)            Temple (1/1) D:5            Lair (5/5) D:8
  Swamp (4/4) Lair:3       Spider (4/4) Lair:3        Slime (5/5) Lair:5
    Orc (2/2) D:9             Elf (3/3) Orc:2        Vaults (5/5) D:13
  Crypt (3/3) Vaults:2       Tomb (0/3) Crypt:3      Depths (4/4) D:15
   Hell (visited)             Dis (0/7) Hell            Geh (0/7) Hell
    Coc (0/7) Hell            Tar (0/7) Hell            Zot (5/5) Depths:4
Gauntlet (visited)

Altars:
Ashenzari
Cheibriados
Dithmenos
Elyvilon
Fedhas
Gozag
Hepliaklqana
Kikubaaqudgha
Makhleb
Nemelex Xobeh
Okawaru
Qazlal
Ru
Sif Muna
Trog
Uskayaw
Vehumet
Wu Jian
Xom
Yredelemnul
Zin
The Shining One
Jiyva
Lugonu

Shops:
D:8 :   Orc:1 =   Orc:2 (=(![(*(   Vaults:5 !   Depths:2 [

Portals:
Hell: Depths:1 Depths:2 Depths:3 Depths:4
Abyss: Lair:5 Depths:2 Depths:3
Pandemonium: Depths:2 Depths:4
Ziggurat: Depths:4

Annotations:
Swamp:3 jasper's ghost, adept DsBe


Innate Abilities, Weirdness & Mutations

You have a pair of small antennae on your head.
You are dopey. (Int -2)
You are very frail. (-20% HP)
You are occasionally teleported next to monsters.
Your spells are harder to cast, but more powerful.


Message History

The demonspawn corrupter mumbles some strange prayers to Lugonu against you.
The cacodemon gestures at you.
Strange energies course through your body.
You feel stupid.
You fly upwards.
There is a stone staircase leading down here.
(D) Dungeon (T) Temple (L) Lair (S) Swamp (N) Spider Nest (M) Slime Pits (O) Orcish Mines (E) Elven Halls (V) Vaults (C) Crypt (W) Tomb (U) Depths (H) Hell (I) Dis (G) Gehenna (X) Cocytus (Y) Tartarus (Z) Zot
Where to? (Enter - D:3, ? - help) Magic restored.
You see here a +0 short sword.
There is a stone staircase leading up here.
You fly upwards.
There is a stone staircase leading down here.
(D) Dungeon (T) Temple (L) Lair (S) Swamp (N) Spider Nest (M) Slime Pits (O) Orcish Mines (E) Elven Halls (V) Vaults (C) Crypt (W) Tomb (U) Depths (H) Hell (I) Dis (G) Gehenna (X) Cocytus (Y) Tartarus (Z) Zot
Where to? (Enter - D:2, ? - help)
There is a stone staircase leading up here.
You fly upwards.
There is a stone staircase leading down here.
(D) Dungeon (T) Temple (L) Lair (S) Swamp (N) Spider Nest (M) Slime Pits (O) Orcish Mines (E) Elven Halls (V) Vaults (C) Crypt (W) Tomb (U) Depths (H) Hell (I) Dis (G) Gehenna (X) Cocytus (Y) Tartarus (Z) Zot
Where to? (Enter - D:1, ? - help)
Okay, then.
Casting: Shatter (dangerous; 1% risk of failure)
Confirm with . or Enter, or press ? or * to list all spells.
The dungeon rumbles!
Ka-crash!
A green death comes into view.
The green death attacks as you move away!
The green death completely misses you. The green death gestures at you.
The poison arrow hits you!!
You are poisoned.
You feel very sick.
You feel very sick.
You feel very sick.
The green death attacks as you move away!
You block the green death's attack.
You feel very sick.
There is a staircase leading out of the dungeon here.
Storm clouds gather above the green death.
You feel sick. You block the green death's attack.
You have escaped!

##.###########...##############.#
...# #.#####..## ####.##.###.#
#### ##....##...####....##).##.#
...# ##.........≈..##..#.....##.#
##.###..#.....~~~~.~....#######.#
.#.##..###..~≈~≈≈.~~.~....#####.#
.#....##..~~~≈≈~.~~~≈~...#..##...
.#.....#..~≈≈≈~≈2.~~≈≈~...##.#..#
.#.##.##...≈≈≈..@..~≈≈~.##.###..#
.#.####...~≈≈≈~.~.~~~~~..##.##..#
...# #...~..≈≈~~.~~≈..~~..#.....#
##.###~~~~..≈≈~.~≈≈~~...~.##....#
#.##..~~~~~.~.~≈~~..##...†#.#..#
#.###....~...........#..#####..#
#..####...~.###.###.#.#†.####..#
#...######.##).## #######.†.#...
#.#.....######## #######.#


You could see a green death.

Vanquished Creatures
  the Royal Jelly (Slime:5)
  3 dread liches
  5 ancient liches
  Mara (Depths:2)
  6 orbs of fire
  3 juggernauts
  Sojobo (Crypt:3)
  9 Killer Klowns
  Bai Suzhen (Swamp:4)
  Parghit (Zot:4)
  Geryon (Hell)
  2 curse toes (Zot:4)
  Jory (Crypt:3)
  13 golden dragons
  A shard shrike zombie (Crypt:1)
  5 electric golems
  12 tentacled monstrosities
  Jorgrun (Elf:2)
  An Ice Fiend (Depths:2)
  27 Orb Guardians
  3 liches
  2 deep elf blademasters (Elf:3)
  4 titans
  21 acid blobs
  A walking divine tome (Depths:2)
  3 searing wretches (Hell)
  6 quicksilver dragons
  2 deep elf master archers (Elf:3)
  8 sphinxes
  4 ancient champions
  An Executioner (D:10)
  6 tengu reavers
  Gastronok (D:11)
  12 death cobs
  16 shadow dragons
  13 storm dragons
  4 revenants (Crypt:3)
  The ghost of bobo the Fighter, an adept HuFE of Vehumet (Swamp:3)
  5 draconian monks
  23 azure jellies
  10 fire giants
  5 emperor scorpions
  19 rockslimes
  5 spectral caustic shrikes (Depths:4)
  7 draconian shifters
  8 frost giants
  6 draconian knights
  10 draconian scorchers
  20 vault wardens
  A caustic shrike zombie (Crypt:3)
  3 ghost moths
  A draconian stormcaller (Zot:2)
  4 orc warlords
  5 deep elf sorcerers
  3 ghouls (Crypt:1)
  5 deep elf elementalists (Elf:3)
  2 curse skulls
  Louise (Swamp:4)
  A caustic shrike skeleton (Crypt:2)
  A balrug (Hell)
  3 reapers
  22 ironbound preservers
  10 draconian annihilators
  5 war gargoyles
  6 broodmothers
  A cacodemon (Depths:2)
  18 quicksilver oozes
  28 very ugly things
  20 vampire knights
  9 ironbound thunderhulks
  16 green draconians
  13 stone giants
  10 deep elf demonologists
  13 yellow draconians
  4 deep elf annihilators
  15 black draconians
  The ghost of Budy the Geomancer, a journeyman KoRe of Ignis (Lair:4)
  4 eleionomae
  4 bunyips
  10 purple draconians
  4 spark wasps
  12 dire elephants
  8 white draconians
  A minotaur (Gauntlet)
  A wendigo (Hell)
  15 red draconians
  10 eidola
  3 green deaths
  3 iron golems (Hell)
  2 blizzard demons
  A merfolk impaler (Depths:3)
  2 spectral quicksilver dragons (Crypt:3)
  3 crystal guardians
  8 jiangshi
  9 yaktaur captains
  2 spectral spriggans (Crypt:3)
  9 fire dragons
  A shambling mangrove (Swamp:3)
  10 ettins
  10 deep elf death magi
  Fannar (D:10)
  4 spriggan zombies
  12 great orbs of eyes
  The ghost of Farfigtubin the Unseen, a journeyman KoBr of Wu Jian (Orc:2)
  2 hell beasts
  6 entropy weavers
  A spectral shadow dragon (Crypt:3)
  42 vault guards
  5 peacekeepers
  9 ice dragons
  17 hydras
  3 deep elf high priests
  5 rakshasas
  A juggernaut simulacrum (Hell)
  5 spriggan skeletons
  A ghost crab (Swamp:3)
  2 jorogumos (Spider:4)
  An anaconda (shapeshifter) (Gauntlet)
  3 ogre magi (Vaults:5)
  2 stokers (Hell)
  5 boulder beetles
  2 catoblepae
  17 ironbound frosthearts
  A spectral stone giant (Crypt:3)
  4 spriggan air magi
  13 centaur warriors
  2 radroaches (Spider:3)
  A satyr (shapeshifter) (Vaults:2)
  A death knight (Crypt:3)
  12 death yaks
  10 alligators
  6 tengu warriors
  7 spriggan berserkers
  3 hell hogs (Hell)
  6 two-headed ogres
  5 deep troll shamans
  5 spectral storm dragons (Crypt:3)
  12 deep troll earth magi
  3 vampire magi
  28 dancing weapons
  24 deep elf knights
  3 orc high priests
  A titan zombie (Crypt:1)
  8 sun demons
  A skyshark (shapeshifter) (Gauntlet)
  A skyshark (Lair:5)
  A hell knight (Depths:2)
  4 thrashing horrors
  9 soul eaters
  11 iron trolls
  5 sun moths
  17 skeletal warriors
  A goliath frog (shapeshifter) (Gauntlet)
  A spectral anaconda (Crypt:3)
  A death drake (shapeshifter) (Vaults:1)
  5 goliath frogs
  3 spriggan druids
  14 flayed ghosts
  A sixfirhy (Depths:2)
  An elf simulacrum (Crypt:3)
  7 shadow wraiths
  9 pharaoh ants
  A shadow demon (Depths:2)
  15 phantasmal warriors
  7 glowing orange brains
  66 deep trolls
  4 swamp dragons (Swamp:4)
  15 orb spiders
  2 orange crystal statues
  12 deep elf archers
  7 bog bodies
  2 tengu zombies
  20 ironbound convokers
  An obsidian statue (Orc:2)
  4 steelbarb worms
  A spriggan simulacrum (Hell)
  An anaconda skeleton (Crypt:1)
  34 deep elf pyromancers
  A sphinx zombie (Vaults:2)
  30 deep elf zephyrmancers
  10 shining eyes
  10 lindwurms
  9 wizards
  A harpy (Vaults:2)
  14 necromancers
  An oklob plant (Gauntlet)
  3 orc sorcerers
  20 wolf spiders
  A human zombie (Vaults:2)
  26 ugly things
  A stone giant zombie (Crypt:2)
  7 orc knights
  3 cyclopes
  2 spectral centaurs (Crypt:3)
  A salamander (Depths:2)
  31 moths of wrath
  3 will-o-the-wisps
  3 manticores
  A fire giant skeleton (Vaults:2)
  A salamander (shapeshifter) (D:14)
  A frost giant skeleton (Crypt:3)
  2 centaur skeletons
  A guardian serpent (shapeshifter) (Elf:2)
  A black mamba (Lair:3)
  2 eyes of devastation
  14 elephants
  6 demonic crawlers
  A gargoyle (D:13)
  25 vault sentinels
  2 smoke demons (Lair:5)
  An ice statue (Gauntlet)
  14 cane toads
  A grey draconian zombie (Crypt:1)
  3 torpor snails
  5 orange demons
  A dire elephant skeleton (Crypt:2)
  An unseen horror zombie (D:9)
  30 yaktaurs
  4 unseen horrors
  18 freezing wraiths
  2 rime drakes
  A bunyip simulacrum (Crypt:3)
  A red devil (D:11)
  2 human skeletons
  9 komodo dragons
  3 spectral nagas (Crypt:3)
  8 trolls
  A tormentor (D:14)
  An anaconda simulacrum (Crypt:1)
  2 spectral harpies (Crypt:3)
  3 polar bears
  2 ancient zymes (Lair:5)
  12 meliai
  8 tengu conjurers
  A harpy skeleton (Crypt:1)
  3 bloated husks
  6 harpy zombies
  8 tyrant leeches
  A tarantella (shapeshifter) (Elf:2)
  A shadow dragon simulacrum (Crypt:3)
  Prince Ribbit (D:5)
  14 hornets
  16 blink frogs
  An ice dragon zombie (Crypt:2)
  24 tarantellas
  A culicivora zombie (Crypt:2)
  A human simulacrum (Vaults:2)
  A tyrant leech (shapeshifter) (Vaults:5)
  An ettin zombie (Vaults:2)
  A meliai zombie (Crypt:2)
  A dream sheep (shapeshifter) (Vaults:5)
  An iron dragon simulacrum (Hell)
  A stone giant simulacrum (Hell)
  Sigmund (D:6)
  27 jumping spiders
  An air elemental (Elf:3)
  111 slime creatures
  8 flying skulls
  57 yaks
  9 wraiths
  7 water elementals
  A centaur simulacrum (Crypt:3)
  2 ettin skeletons
  21 culicivoras
  19 spriggans
  3 ynoxinuls (Lair:5)
  7 shadows
  6 wyverns
  8 large abominations
  8 small abominations (Lair:5)
  4 vampires
  10 golden eyes
  A dire elephant simulacrum (Hell)
  4 basilisks
  3 chaos spawn
  2 steam dragons
  Grum (D:8)
  47 redbacks
  20 vampire mosquitoes
  4 wargs
  A merfolk zombie (Crypt:2)
  15 swamp worms
  A fire bat zombie (Crypt:1)
  3 acid dragons
  14 water moccasins
  A demonspawn skeleton (Crypt:2)
  6 floating eyes
  3 ice beasts
  A sky beast (D:7)
  2 swamp drakes
  A glowing shapeshifter skeleton (Vaults:2)
  4 black bears
  41 orc warriors
  An elephant zombie (Crypt:1)
  A lindwurm zombie (Crypt:3)
  A swamp dragon zombie (Crypt:3)
  An ettin simulacrum (Crypt:3)
  A black mamba simulacrum (Crypt:1)
  2 boggarts (Elf:1)
  An orc zombie (Vaults:1)
  9 ogres
  5 wolves
  A lindwurm skeleton (Crypt:3)
  A snapping turtle skeleton (Crypt:1)
  30 centaurs
  A phantom (D:6)
  A rime drake skeleton (Crypt:3)
  A kobold brigand (D:9)
  A salamander zombie (Crypt:3)
  7 earth elementals
  12 bullfrogs
  A wyvern zombie (Crypt:2)
  A water moccasin zombie (Crypt:3)
  3 scorpions
  2 naga simulacra
  7 wights
  7 killer bees
  A polar bear zombie (Crypt:2)
  A warg skeleton (Crypt:3)
  5 howler monkeys
  9 electric eels
  3 centaur zombies
  2 gnoll boudas
  4 hounds
  A bullfrog skeleton (Crypt:2)
  11 orc priests
  3 jellies
  2 sleepcaps (D:5)
  4 iguanas
  14 orc wizards
  An ice beast zombie (Crypt:2)
  An ogre skeleton (Crypt:1)
  10 adders
  8 gnolls
  A steam dragon zombie (Crypt:2)
  2 shadow imps (D:8)
  2 ufetubi
  A jelly zombie (Crypt:3)
  3 dart slugs
  82 orcs
  4 ball pythons
  A bat zombie (Crypt:1)
  2 endoplasms
  3 giant cockroaches
  6 hobgoblins
  7 jackals
  16 kobolds
  A kobold (shapeshifter) (Vaults:5)
  4 quokkas
  5 bats
  A frilled lizard skeleton (Crypt:1)
  A frilled lizard zombie (Crypt:1)
  5 goblins
  7 rats
  A creeping inferno (Hell)
  8 fire vortices (Hell)
  A fungus (Lair:4)
2538 creatures vanquished.

Vanquished Creatures (collateral kills)
  Dissolution (Slime:2)
  2 orbs of fire
  3 acid blobs
  2 azure jellies
  2 great orbs of eyes
  A moth of wrath (Zot:4)
  3 slime creatures (Slime:4)
  A golden eye (Slime:3)
  A floating eye (Slime:3)
16 creatures vanquished.

Vanquished Creatures (others)
  A shadow dragon (Vaults:5)
  A white draconian (Depths:4)
  A tyrant leech (Swamp:1)
  A hornet (Swamp:1)
  A spriggan (Swamp:1)
  A small abomination (Swamp:4)
  2 orc wizards (D:12)
  A bush (Lair:2)
  12 foxfires
  26 fungi
  60 plants
107 creatures vanquished.

Grand Total: 2661 creatures vanquished

Notes
Turn   | Place    | Note
-------+----------+-------------------------------------------
     0 | D:1      | cforsyth the Deep Elf Earth Elementalist began the quest
                  | for the Orb.
     0 | D:1      | Reached XP level 1. HP: 10/10 MP: 6/6
   364 | D:1      | Reached XP level 2. HP: 15/15 MP: 5/8
  1712 | D:2      | Reached XP level 3. HP: 19/19 MP: 8/10
  1957 | D:2      | Identified the ring "Qacopimma" {rN++ Dex+6 Stlth-}
  2539 | D:3      | Found a faded altar of an unknown god.
  3058 | D:3      | Reached XP level 4. HP: 24/24 MP: 9/12
  3178 | D:3      | Noticed a scorpion
  3180 | D:3      | Killed a scorpion
  3181 | D:3      | Reached skill level 5 in Spellcasting
  3209 | D:3      | Reached skill level 5 in Earth Magic
  3209 | D:3      | Reached XP level 5. HP: 23/28 MP: 10/14
  3578 | D:4      | Found a hazy altar of Hepliaklqana.
  3679 | D:4      | Found an ornate altar of the Wu Jian Council.
  4185 | D:4      | Noticed an ogre
  4187 | D:4      | Killed an ogre
  4219 | D:5      | Entered Level 5 of the Dungeon
  4234 | D:5      | Reached XP level 6. HP: 32/32 MP: 12/17
  4395 | D:5      | Noticed a water moccasin
  4401 | D:5      | Killed a water moccasin
  4481 | D:5      | Reached XP level 7. HP: 36/36 MP: 15/19
  4581 | D:5      | Noticed a hornet
  4590 | D:5      | Paralysed by a hornet for 1 turns
  4592 | D:5      | Killed a hornet
  4650 | D:5      | Found a sacrificial altar of Ru.
  4669 | D:5      | Noticed Prince Ribbit
  4676 | D:5      | Killed Prince Ribbit
  4677 | D:5      | Reached XP level 8. HP: 41/41 MP: 21/23
  4795 | D:5      | Found a staircase to the Ecumenical Temple.
  4803 | Temple   | Entered the Ecumenical Temple
  4828 | Temple   | Became a worshipper of Vehumet
  4894 | D:5      | Found a snail-covered altar of Cheibriados.
  5232 | D:6      | Noticed Sigmund
  5236 | D:6      | Killed Sigmund
  5237 | D:6      | Reached skill level 10 in Spellcasting
  5369 | D:6      | Found a bloodstained altar of Trog.
  5408 | D:5      | Reached XP level 9. HP: 36/45 MP: 26/26
  5580 | D:6      | Reached * piety under Vehumet
  5580 | D:6      | Offered knowledge of Magic Dart by Vehumet.
  5660 | D:6      | Reached skill level 10 in Earth Magic
  6235 | D:7      | Noticed a two-headed ogre
  6257 | D:7      | Killed a two-headed ogre
  6338 | D:7      | Offered knowledge of Static Discharge by Vehumet.
  6531 | D:7      | Reached ** piety under Vehumet
  6901 | D:7      | Reached XP level 10. HP: 50/50 MP: 29/29
  7003 | D:8      | Found a burning altar of Makhleb.
  7182 | D:8      | Noticed Grum
  7191 | D:8      | Killed Grum
  7282 | D:8      | Noticed an elephant
  8232 | D:8      | Found Soathru's Vocational Training.
  8672 | D:9      | Learned a level 3 spell: Stone Arrow
  8959 | D:9      | Reached skill level 15 in Spellcasting
  8968 | D:9      | Offered knowledge of Momentum Strike by Vehumet.
  9336 | D:8      | Found a staircase to the Lair.
  9987 | D:8      | Killed an elephant
 10138 | D:9      | Found a white marble altar of Elyvilon.
 10151 | D:9      | Found a blossoming altar of Fedhas.
 10151 | D:9      | Found a staircase to the Orcish Mines.
 10294 | D:9      | Reached XP level 11. HP: 28/54 MP: 32/32
 10726 | D:9      | Found a glowing golden altar of the Shining One.
 10929 | D:9      | Found a basalt altar of Yredelemnul.
 11601 | D:10     | Entered Level 10 of the Dungeon
 11836 | D:10     | You fall into a shaft and drop 1 floor!
 11910 | D:11     | Noticed Gastronok
 11923 | D:11     | Killed Gastronok
 12138 | D:10     | Reached *** piety under Vehumet
 12243 | D:10     | Noticed Fannar
 12250 | D:10     | Killed Fannar
 12368 | D:10     | Got the Compendium of the Fey Sixfirhy
 12399 | D:10     | Found an ancient bone altar of Kikubaaqudgha.
 13577 | D:11     | Reached skill level 15 in Earth Magic
 13965 | D:11     | Offered knowledge of Fulminant Prism by Vehumet.
 14505 | D:12     | Reached XP level 12. HP: 59/59 MP: 29/35
 14965 | D:12     | Noticed a two-headed ogre
 14971 | D:12     | Killed a two-headed ogre
 15507 | Lair:1   | Entered Level 1 of the Lair of Beasts
 15738 | Lair:1   | Noticed a catoblepas
 16041 | Lair:1   | Reached skill level 1 in Fighting
 16080 | Lair:1   | Killed a catoblepas
 16227 | Lair:1   | Reached **** piety under Vehumet
 16281 | Lair:1   | Reached skill level 5 in Dodging
 17073 | Lair:2   | Offered knowledge of Flame Wave by Vehumet.
 17126 | Lair:2   | Noticed a death yak
 17164 | Lair:2   | Noticed a death yak
 17164 | Lair:2   | Noticed a death yak
 17165 | Lair:2   | Noticed a death yak
 17165 | Lair:2   | Noticed a death yak
 18697 | Lair:2   | Killed a death yak
 18698 | Lair:2   | Reached skill level 5 in Fighting
 18733 | Lair:2   | Killed a death yak
 18734 | Lair:2   | Reached XP level 13. HP: 72/72 MP: 23/37
 19840 | Lair:3   | Found a hole to the Spider Nest.
 20638 | Lair:3   | Found a staircase to the Swamp.
 21402 | Lair:4   | Found a large runed translucent door.
 21402 | Lair:4   | Found a large runed translucent door.
 21427 | Lair:4   | Reached skill level 10 in Dodging
 21565 | Lair:4   | Learned a level 5 spell: Borgnjor's Vile Clutch
 21570 | Lair:4   | Learned a level 4 spell: Iskenderun's Mystic Blast
 21718 | Lair:4   | Reached ***** piety under Vehumet
 21973 | Lair:4   | Offered knowledge of Spellforged Servitor by Vehumet.
 22069 | Lair:4   | Learned a level 7 spell: Spellforged Servitor
 22207 | Lair:4   | Noticed Budy's ghost (journeyman KoRe)
 22511 | Lair:5   | Entered Level 5 of the Lair of Beasts
 22896 | Lair:5   | Reached XP level 14. HP: 84/84 MP: 15/38
 23449 | Lair:5   | Found a staircase to the Slime Pits.
 23450 | Lair:5   | Found a viscous altar of Jiyva.
 24386 | Lair:5   | Found a corrupted altar of Lugonu.
 24386 | Lair:5   | Found a one-way gate to the infinite horrors of the Abyss.
 24407 | Lair:5   | Got Sif Muna's Folio of the Deathly Sky
 24513 | Lair:5   | Learned a level 5 spell: Lee's Rapid Deconstruction
 24516 | Lair:5   | Learned a level 2 spell: Blink
 24641 | Orc:1    | Entered Level 1 of the Orcish Mines
 24641 | Orc:1    | Noticed an orc warlord
 24667 | D:9      | Killed an orc warlord
 24888 | Orc:2    | Entered Level 2 of the Orcish Mines
 25053 | Orc:2    | Found Uceth's Weapon Shoppe.
 25152 | Orc:2    | Found a staircase to the Elven Halls.
 25171 | Orc:2    | Offered knowledge of Conjure Ball Lightning by Vehumet.
 25173 | Orc:2    | Found Jutorohu's Jewellery Shop.
 25188 | Orc:2    | Reached skill level 10 in Fighting
 25700 | Orc:2    | Found Jedigul's Weapon Boutique.
 25785 | Orc:2    | Found Naniad's Antique Armour Boutique.
 25785 | Orc:2    | Found Igerostro's Distillery.
 25787 | Orc:2    | Found Cidghioma's Weapon Emporium.
 25789 | Orc:2    | Found Jooseel's Weapon Shop.
 25897 | Orc:2    | Found a runed translucent gate.
 25897 | Orc:2    | Found a runed translucent gate.
 25897 | Orc:2    | Found a runed translucent gate.
 25899 | Orc:2    | Found an opulent altar of Gozag.
 25905 | Orc:2    | Found Enleyvya's Assorted Antiques.
 25906 | Orc:2    | Noticed Farfigtubin's ghost (journeyman KoBr)
 26564 | Orc:1    | Found Ruulib's Jewellery Emporium.
 27659 | D:13     | Reached XP level 15. HP: 70/93 MP: 28/39
 28136 | D:13     | Reached skill level 15 in Dodging
 28790 | D:13     | Found a gate to the Vaults.
 29509 | D:14     | Offered knowledge of Eringya's Noxious Bog by Vehumet.
 29756 | D:15     | Entered Level 15 of the Dungeon
 29785 | D:15     | Found a snail-covered altar of Cheibriados.
 29881 | D:15     | Found a radiant altar of Vehumet.
 29910 | D:15     | Found a gate leading to a gauntlet.
 29914 | Gauntlet | Entered a Gauntlet
 29914 | Gauntlet | Found a transporter.
 29914 | Gauntlet | Found a transporter.
 29985 | Gauntlet | Found a transporter.
 30000 | Gauntlet | Found a transporter.
 30000 | Gauntlet | Found a transporter.
 30003 | Gauntlet | Found a transporter.
 30003 | Gauntlet | Found a transporter.
 30004 | Gauntlet | Found a transporter.
 30016 | Gauntlet | Found a transporter.
 30032 | Gauntlet | Found a transporter.
 30042 | Gauntlet | Found a transporter.
 30056 | Gauntlet | Found a transporter.
 30077 | Gauntlet | Found a transporter.
 30094 | Gauntlet | Found a transporter.
 30215 | Gauntlet | an alligator snapping turtle changed into an azure jelly
 30215 | Gauntlet | Noticed an azure jelly (glowing shapeshifter)
 30217 | Gauntlet | an azure jelly changed into an iron troll
 30756 | Gauntlet | Identified the ring "Ehonimar" {Drain rF+++ rN+ MP-9 Int+8}
 30795 | Gauntlet | Identified the +1 kite shield of Yredelemnul's Hatred {rN+
                  | rCorr Str+3}
 30835 | Gauntlet | Found the +3 robe of Clouds {*Thunder rCloud rElec}
 30859 | Gauntlet | Got the Directory of Scintillating Modification
 31669 | D:15     | Found a staircase to the Depths.
 32297 | D:15     | Learned a level 5 spell: Yara's Violent Unravelling
 32307 | D:15     | Learned a level 9 spell: Shatter
 32845 | Orc:2    | Reached skill level 1 in Conjurations
 32849 | Orc:2    | Killed Farfigtubin's ghost
 33415 | Orc:2    | Bought a scroll of blinking for 202 gold pieces
 33440 | Orc:2    | Bought the +2 long sword of Kaceong {speed, Will++} for 581
                  | gold pieces
 33488 | Orc:2    | Bought the ring "Zeup" {rF+ Str+2 Int+4 Dex+6} for 876 gold
                  | pieces
 33488 | Orc:2    | Bought the ring of Mokhlanga {rPois rCorr} for 456 gold
                  | pieces
 33650 | Spider:1 | Entered Level 1 of the Spider Nest
 33962 | Spider:1 | Noticed an emperor scorpion
 33971 | Spider:1 | Killed an emperor scorpion
 35427 | Swamp:1  | Entered Level 1 of the Swamp
 35433 | Swamp:1  | Reached skill level 5 in Conjurations
 36889 | Swamp:1  | Reached XP level 16. HP: 76/100 MP: 28/40
 36964 | Swamp:1  | Learned a level 8 spell: Lehudib's Crystal Spear
 37187 | Swamp:1  | Identified the +5 scale mail of Instinct {Str+5}
 39974 | Swamp:3  | Found a runed translucent gate.
 40148 | Swamp:3  | Offered knowledge of Arcjolt by Vehumet.
 40386 | Swamp:3  | Found a runed translucent gate.
 40386 | Swamp:3  | Found a runed translucent gate.
 40386 | Swamp:3  | Noticed bobo's ghost (adept HuFE)
 40585 | Swamp:3  | Killed bobo's ghost
 40619 | Swamp:3  | Identified the +2 whip of Yredelemnul's Whim {antimagic,
                  | Will++}
 40623 | Swamp:3  | Identified the +7 broad axe "Lezi" {drain, Str-3 SInv
                  | Stlth+}
 40651 | Swamp:4  | Entered Level 4 of the Swamp
 40651 | Swamp:4  | Noticed Bai Suzhen
 41186 | Swamp:4  | Found a runed translucent door.
 41187 | Swamp:4  | Noticed jasper's ghost (adept DsBe)
 41343 | Swamp:4  | Killed Bai Suzhen
 41344 | Swamp:4  | Reached skill level 10 in Conjurations
 41637 | Swamp:4  | Noticed Louise
 41929 | Swamp:4  | Killed Louise
 42309 | Swamp:3  | Reached XP level 17. HP: 74/104 MP: 30/41
 42577 | Swamp:3  | Gained mutation: Armour fits poorly on your strangely
                  | shaped body. [mutagenic glow]
 43342 | Swamp:4  | Got a decaying rune of Zot
 43736 | Swamp:4  | Got Peismah's Codex of the Birds
 47109 | Spider:3 | Offered knowledge of Orb of Destruction by Vehumet.
 48719 | Spider:3 | Reached ****** piety under Vehumet
 49512 | Spider:3 | Identified a scroll of acquirement
 49653 | Spider:4 | Entered Level 4 of the Spider Nest
 50718 | Spider:4 | Reached XP level 18. HP: 110/110 MP: 42/42
 50718 | Spider:4 | Offered knowledge of Lightning Bolt by Vehumet.
 51774 | Spider:4 | Acquired 840 gold pieces
 52411 | Spider:4 | Got a gossamer rune of Zot
 53314 | Vaults:1 | Entered Level 1 of the Vaults
 53316 | Vaults:1 | Reached skill level 1 in Shields
 55202 | Vaults:1 | Reached skill level 5 in Shields
 55207 | Vaults:1 | Offered knowledge of Iron Shot by Vehumet.
 56149 | Vaults:2 | Found a staircase to the Crypt.
 56172 | Vaults:2 | Learned a level 6 spell: Iron Shot
 56265 | Vaults:2 | Reached XP level 19. HP: 98/115 MP: 19/44
 57561 | Vaults:2 | Lost mutation: Armour fits poorly on your strangely shaped
                  | body. [potion of mutation]
 57561 | Vaults:2 | Gained mutation: Your body sometimes deteriorates upon
                  | taking damage. [potion of mutation]
 57561 | Vaults:2 | Gained mutation: You possess an exceptional clarity of
                  | mind. [potion of mutation]
 57562 | Vaults:2 | Lost mutation: You possess an exceptional clarity of mind.
                  | [potion of mutation]
 57562 | Vaults:2 | Lost mutation: Your body sometimes deteriorates upon taking
                  | damage. [potion of mutation]
 57562 | Vaults:2 | Gained mutation: You sometimes lose your temper in combat.
                  | [potion of mutation]
 57562 | Vaults:2 | Gained mutation: Your spells are a little harder to cast,
                  | but a little more powerful. [potion of mutation]
 58695 | Vaults:2 | Offered knowledge of Polar Vortex by Vehumet.
 60986 | Vaults:3 | Reached skill level 10 in Shields
 61452 | Vaults:3 | Reached XP level 20. HP: 120/120 MP: 45/45
 63352 | Vaults:4 | Identified the +9 long sword "Buraac" {spect, rC+}
 64005 | Vaults:4 | Reached skill level 15 in Conjurations
 64681 | Vaults:5 | Entered Level 5 of the Vaults
 64682 | Vaults:5 | Noticed an ancient lich
 64684 | Vaults:5 | Killed an ancient lich
 65091 | Elf:1    | Entered Level 1 of the Elven Halls
 65370 | Elf:1    | Reached XP level 21. HP: 126/126 MP: 17/46
 66137 | Elf:1    | Identified the +4 hand axe of the Abyss {pain, rPois rC+}
 66788 | Elf:2    | Noticed Jorgrun
 66790 | Elf:2    | Killed Jorgrun
 68348 | Elf:2    | Found a runed translucent gate.
 68349 | Elf:2    | Found a runed translucent gate.
 68349 | Elf:2    | Found a runed translucent gate.
 69566 | Elf:3    | Entered Level 3 of the Elven Halls
 69957 | Elf:3    | Paralysed by an air elemental for 1 turns
 72041 | Elf:3    | Identified the +6 chain mail of Guhucoav {Int+5}
 74164 | Elf:3    | Got Wemee's Codex of Anathema and the Sixfirhy
 74761 | Elf:3    | Identified the amulet of Wuteroec {Acrobat *Slow +Blink
                  | Dex+6}
 75076 | Elf:3    | Identified the +8 shortbow "Ybaojo" {antimagic, rElec rN+
                  | Str-4 Stlth+}
 75779 | Elf:3    | Got the Parchment of the Impact
 75790 | Elf:3    | Identified the +6 longbow of Truth {elec, *Corrode rF+
                  | Will- Dex+9}
 76175 | Depths:1 | Entered Level 1 of the Depths
 76356 | Depths:1 | Reached XP level 22. HP: 120/135 MP: 25/47
 76810 | Depths:1 | Found a shimmering blue altar of Sif Muna.
 77093 | Depths:1 | Found a gateway to Hell.
 77488 | Depths:2 | Noticed Mara
 77494 | Depths:2 | Killed Mara
 77673 | Depths:2 | Noticed a juggernaut
 77676 | Depths:2 | Killed a juggernaut
 77925 | Depths:2 | Noticed a golden dragon
 77931 | Depths:2 | Killed a golden dragon
 78346 | Depths:2 | Identified the +1 leather armour of Roadaah {rN+ Regen+}
 78361 | Depths:2 | Found a one-way gate leading to the halls of Pandemonium.
 78392 | Depths:2 | Identified the +2 ring mail "Wuveicw" {rF+ rN+}
 78540 | Depths:2 | Found Wops's Armour Shoppe.
 80454 | Depths:3 | You fall into a shaft and drop 1 floor!
 80454 | Depths:4 | Entered Level 4 of the Depths
 80807 | Depths:4 | Noticed a juggernaut
 80813 | Depths:4 | Killed a juggernaut
 80938 | Depths:4 | Reached XP level 23. HP: 142/142 MP: 33/48
 81055 | Depths:4 | Noticed a juggernaut
 81061 | Depths:4 | Killed a juggernaut
 81525 | Depths:3 | Identified the +2 chain mail "Beham" {rF+ rC- rCorr Str+3}
 82555 | Depths:4 | Reached skill level 27 in Earth Magic
 83178 | Depths:4 | Found a gate to the Realm of Zot.
 83201 | Depths:4 | Found a stormy altar of Qazlal.
 83418 | Depths:4 | Found a one-way gateway to a ziggurat.
 84105 | Vaults:5 | Noticed an ancient lich
 84107 | Vaults:5 | Killed an ancient lich
 84295 | Vaults:5 | Reached skill level 15 in Fighting
 84735 | Vaults:5 | Noticed a dread lich
 84738 | Vaults:5 | Noticed an ancient lich
 84739 | Vaults:5 | Killed a dread lich
 84740 | Vaults:5 | Killed an ancient lich
 85223 | Vaults:5 | Found the +11 Singing Sword {sonic wave}
 85256 | Vaults:5 | Got a silver rune of Zot
 85587 | Vaults:5 | Found Serch's Distillery.
 85614 | Vaults:5 | Bought a potion of haste for 200 gold pieces
 85614 | Vaults:5 | Bought a potion of mutation for 160 gold pieces
 86078 | Crypt:1  | Entered Level 1 of the Crypt
 86372 | Crypt:1  | Reached XP level 24. HP: 149/151 MP: 45/48
 87650 | Crypt:1  | Identified the +6 flail of Kismet {antimagic, rF+}
 87703 | Crypt:1  | Identified the +4 demon trident of Kuadghiaq {pain, rF+
                  | Int+2}
 89956 | Crypt:2  | Found the +3 salamander hide armour {Flames, rFlCloud rF++
                  | rC--}
 90098 | Crypt:2  | Found an ancient bone altar of Kikubaaqudgha.
 90711 | Crypt:3  | Entered Level 3 of the Crypt
 91382 | Crypt:3  | Noticed Jory
 91384 | Crypt:3  | Killed Jory
 92624 | Crypt:3  | Identified the +3 long sword "Acedom" {flame, rF+ Int+2}
 93417 | Crypt:3  | Noticed Sojobo
 94329 | Crypt:3  | Paralysed by an air elemental for 1 turns
 94509 | Crypt:3  | Paralysed by an air elemental for 1 turns
 94511 | Crypt:3  | Killed Sojobo
 95703 | Crypt:3  | Identified the +1 arbalest of Sulphur {drain, *Slow rC+
                  | Str+6}
 95732 | Crypt:3  | Learned a level 5 spell: Iskenderun's Battlesphere
 96078 | Crypt:3  | Found a staircase to the Tomb.
 96495 | Slime:1  | Entered Level 1 of the Pits of Slime
 96508 | Slime:1  | Gained mutation: You are clumsy. (Dex -2) [a shining eye]
 98353 | Slime:2  | Reached XP level 25. HP: 151/159 MP: 28/50
 99928 | Slime:3  | Paralysed by a floating eye for 3 turns
 99943 | Slime:3  | Paralysed by a floating eye for 3 turns
100575 | Slime:2  | Noticed Dissolution
102287 | Slime:2  | Paralysed by a floating eye for 2 turns
102288 | Slime:2  | Killed Dissolution
102606 | Slime:4  | Gained mutation: You are vulnerable to cold. (rC-) [a
                  | shining eye]
102610 | Slime:4  | Gained mutation: You are dopey. (Int -2) [a shining eye]
105638 | Slime:5  | Entered Level 5 of the Pits of Slime
106529 | Slime:5  | Noticed the Royal Jelly
106859 | Slime:5  | Gained mutation: You are occasionally teleported next to
                  | monsters. [a shining eye]
106860 | Slime:5  | Gained mutation: Your magical capacity is low. (-10% MP) [a
                  | shining eye]
107982 | Slime:5  | Killed the Royal Jelly
108117 | Slime:5  | Found the amulet of Vitality {RegenMP++ Regen++}
108122 | Slime:5  | Identified the ring "Qeomuiq" {+Blink rC+ Will+ Dex+3
                  | Stlth+}
108143 | Slime:5  | Identified the ring of Eniuxker {rCorr Int+4 SInv}
108154 | Slime:5  | Identified the +8 dagger of Springtime {elec, Str+4}
108217 | Slime:5  | Got a slimy rune of Zot
108232 | Slime:5  | Identified the +1 scale mail of Hadjma {+Blink Fly Str-3
                  | Int+6}
108274 | Slime:5  | Gained mutation: You are often teleported next to monsters.
                  | [a shining eye]
108547 | Slime:5  | Lost mutation: You are often teleported next to monsters.
                  | [potion of mutation]
108547 | Slime:5  | Lost mutation: You sometimes lose your temper in combat.
                  | [potion of mutation]
108547 | Slime:5  | Lost mutation: Your magical capacity is low. (-10% MP)
                  | [potion of mutation]
108547 | Slime:5  | Gained mutation: Your body sometimes deteriorates upon
                  | taking damage. [potion of mutation]
108547 | Slime:5  | Lost mutation: Your spells are a little harder to cast, but
                  | a little more powerful. [potion of mutation]
108547 | Slime:5  | Lost mutation: You are dopey. (Int -2) [potion of mutation]
108547 | Slime:5  | Gained mutation: You have sharp toenails. [potion of
                  | mutation]
108548 | Slime:5  | Lost mutation: You are occasionally teleported next to
                  | monsters. [potion of mutation]
108548 | Slime:5  | Lost mutation: You have sharp toenails. [potion of
                  | mutation]
108548 | Slime:5  | Lost mutation: You are vulnerable to cold. (rC-) [potion of
                  | mutation]
108548 | Slime:5  | Gained mutation: Your magical capacity is low. (-10% MP)
                  | [potion of mutation]
108548 | Slime:5  | Gained mutation: You have large cloven feet. [potion of
                  | mutation]
108549 | Slime:5  | Lost mutation: Your body sometimes deteriorates upon taking
                  | damage. [potion of mutation]
108549 | Slime:5  | Lost mutation: You are clumsy. (Dex -2) [potion of
                  | mutation]
108549 | Slime:5  | Gained mutation: You are dopey. (Int -2) [potion of
                  | mutation]
108549 | Slime:5  | Gained mutation: You are partially covered in iridescent
                  | scales. (AC +2) [potion of mutation]
108549 | Slime:5  | Gained mutation: You are agile. (Dex +4, Str/Int -1)
                  | [potion of mutation]
108550 | Slime:5  | Lost mutation: Your magical capacity is low. (-10% MP)
                  | [potion of mutation]
108550 | Slime:5  | Lost mutation: You have large cloven feet. [potion of
                  | mutation]
108550 | Slime:5  | Gained mutation: You are vulnerable to heat. (rF-) [potion
                  | of mutation]
108551 | Slime:5  | Lost mutation: You are agile. (Dex +4, Str/Int -1) [potion
                  | of mutation]
108551 | Slime:5  | Lost mutation: You are vulnerable to heat. (rF-) [potion of
                  | mutation]
108551 | Slime:5  | Gained mutation: You are mostly covered in iridescent
                  | scales. (AC +4) [potion of mutation]
108936 | Hell     | Entered the Vestibule of Hell
108937 | Hell     | Noticed Geryon
109454 | Hell     | Killed Geryon
109902 | Hell     | Found a gateway to the Iron City of Dis.
109939 | Hell     | Found a gateway to the ashen valley of Gehenna.
110011 | Hell     | Found a gateway to the decaying netherworld of Tartarus.
110255 | Hell     | Found a gateway to the freezing wastes of Cocytus.
110716 | Lair:4   | Killed Budy's ghost
111163 | Zot:1    | Entered Level 1 of the Realm of Zot
113038 | Zot:1    | Noticed an orb of fire
113046 | Zot:1    | Gained mutation: You are frail. (-10% HP) [an orb of fire]
113047 | Zot:1    | Gained mutation: You are occasionally teleported next to
                  | monsters. [an orb of fire]
113048 | Zot:1    | Killed an orb of fire
113049 | Zot:1    | Lost mutation: You are mostly covered in iridescent scales.
                  | (AC +4) [potion of mutation]
113049 | Zot:1    | Lost mutation: You are frail. (-10% HP) [potion of
                  | mutation]
113049 | Zot:1    | Gained mutation: You are agile. (Dex +4, Str/Int -1)
                  | [potion of mutation]
113049 | Zot:1    | Gained mutation: You expend magic power (3 MP) to
                  | strengthen your wands. [potion of mutation]
113050 | Zot:1    | Lost mutation: You are agile. (Dex +4, Str/Int -1) [potion
                  | of mutation]
113050 | Zot:1    | Lost mutation: You are partially covered in iridescent
                  | scales. (AC +2) [potion of mutation]
113050 | Zot:1    | Lost mutation: You expend magic power (3 MP) to strengthen
                  | your wands. [potion of mutation]
113050 | Zot:1    | Gained mutation: You occasionally lose the ability to drink
                  | potions when taking damage. [potion of mutation]
113050 | Zot:1    | Gained mutation: Potions are less effective at restoring
                  | your health. [potion of mutation]
113050 | Zot:1    | Gained mutation: You occasionally shout uncontrollably at
                  | your foes. [potion of mutation]
113050 | Zot:1    | Gained mutation: You are partially covered in iridescent
                  | scales. (AC +2) [potion of mutation]
113051 | Zot:1    | Lost mutation: Potions are less effective at restoring your
                  | health. [potion of mutation]
113051 | Zot:1    | Lost mutation: You occasionally shout uncontrollably at
                  | your foes. [potion of mutation]
113051 | Zot:1    | Lost mutation: You occasionally lose the ability to drink
                  | potions when taking damage. [potion of mutation]
113051 | Zot:1    | Gained mutation: You occasionally lose the ability to read
                  | scrolls when taking damage. [potion of mutation]
113051 | Zot:1    | Gained mutation: Your magical capacity is low. (-10% MP)
                  | [potion of mutation]
113052 | Zot:1    | Lost mutation: Your magical capacity is low. (-10% MP)
                  | [potion of mutation]
113052 | Zot:1    | Lost mutation: You are occasionally teleported next to
                  | monsters. [potion of mutation]
113052 | Zot:1    | Lost mutation: You are partially covered in iridescent
                  | scales. (AC +2) [potion of mutation]
113052 | Zot:1    | Gained mutation: Your spells are a little harder to cast,
                  | but a little more powerful. [potion of mutation]
113052 | Zot:1    | Gained mutation: Your spells are harder to cast, but more
                  | powerful. [potion of mutation]
113438 | Orc:2    | Bought a potion of mutation for 136 gold pieces
113438 | Orc:2    | Bought a potion of resistance for 170 gold pieces
114268 | Zot:1    | Reached XP level 26. HP: 168/168 MP: 46/50
115331 | Zot:2    | Reached skill level 27 in Dodging
120788 | Zot:3    | Identified the ring "Uwos" {rC+ Str-4 Slay+4 SInv}
122486 | Zot:4    | Noticed an orb of fire
123349 | Zot:4    | Noticed Parghit
123354 | Zot:4    | Killed Parghit
123375 | Zot:4    | Killed an orb of fire
123602 | Zot:4    | Noticed an orb of fire
123602 | Zot:4    | Gained mutation: You sometimes lose your temper in combat.
                  | [an orb of fire]
123611 | Zot:4    | Killed an orb of fire
124487 | Zot:5    | Entered Level 5 of the Realm of Zot
124491 | Zot:5    | Reached XP level 27. HP: 177/177 MP: 38/50
125082 | Zot:5    | Noticed an orb of fire
125084 | Zot:5    | Gained mutation: You have hidden genetic defects. [an orb
                  | of fire]
125344 | Zot:5    | Killed an orb of fire
125380 | Zot:5    | Noticed an orb of fire
125400 | Zot:5    | Killed an orb of fire
125454 | Zot:5    | Noticed an orb of fire
125455 | Zot:5    | Gained mutation: You are frail. (-10% HP) [an orb of fire]
125499 | Zot:5    | Killed an orb of fire
125803 | Zot:5    | Noticed a dread lich
125805 | Zot:5    | Killed a dread lich
125871 | Zot:5    | Noticed an orb of fire
125881 | Zot:5    | Killed an orb of fire
125945 | Zot:5    | Noticed an orb of fire
125951 | Zot:5    | Killed an orb of fire
125973 | Zot:5    | Gained mutation: You are very frail. (-20% HP) [hidden
                  | defects]
126113 | Zot:5    | Noticed an ancient lich
126115 | Zot:5    | Killed an ancient lich
126693 | Zot:5    | Noticed an ancient lich
126695 | Zot:5    | Killed an ancient lich
126862 | Zot:5    | Noticed a dread lich
126867 | Zot:5    | Killed a dread lich
127039 | Zot:5    | Gained mutation: You are occasionally teleported next to
                  | monsters. [hidden defects]
127039 | Zot:5    | Lost mutation: You have hidden genetic defects. [hidden
                  | defects expressed]
127611 | Zot:5    | Lost mutation: You sometimes lose your temper in combat.
                  | [potion of mutation]
127611 | Zot:5    | Lost mutation: You are dopey. (Int -2) [potion of mutation]
127611 | Zot:5    | Lost mutation: You occasionally lose the ability to read
                  | scrolls when taking damage. [potion of mutation]
127611 | Zot:5    | Gained mutation: You have a pair of small antennae on your
                  | head. [potion of mutation]
127614 | Zot:5    | Got the Orb of Zot
128259 | D:4      | Gained mutation: You are dopey. (Int -2) [a cacodemon]
128338 | D:$      | Escaped with the Orb!

Illustrated notes

Levels and vault maps discovered:
D:1:      dpeg_arrival_subterranean_lakeside_camping, layout_basic
D:2:      layout_basic, serial_park_tiny_1, minmay_misc_feat_chi
D:3:      layout_basic, nicolae_ecumenical_oubliette
D:4:      dreamdust_elfheim, layout_basic, nzn_hepliaklqana_mist_gate,
          mainiacjoe_overflow_six_doors_small
D:5:      layout_loops_ring, mainiacjoe_overflow_alcove_1, marbit_many_paths,
          temple_statues, uniq_prince_ribbit1
D:6:      layout_rooms, bloody_trog, amcnicky_mini_rare_corridor_liquid,
          st_stairs_2, uniq_sigmund
D:7:      kennysheep_big_flooded_room, layout_basic
D:8:      layout_basic, bloody_makhleb, david_lair_generic,
          chequers_serial_rivers_small_a, minmay_misc_feat_doors,
          nicolae_shop_vocational, uniq_grum
D:9:      layout_long_grid, mainiacjoe_overflow_paths, fedhas_altar_2,
          lemuel_zombie_altar_yredelemnul, old_standard_altar,
          eino_small_chamber_without_monster, chequers_garden
D:10:     layout_stronghold, kennysheep_mini, uniq_fannar
D:11:     nicolae_moon_pools, layout_long_grid, uniq_gastronok
D:12:     layout_long_grid, lemuel_old_faithful
D:13:     layout_basic, grunt_vaults_entry_fortified
D:14:     layout_big_octagon, kennysheep_nub
D:15:     hangedman_depths_entry_civil_slaughter, layout_basic,
          fiery_altar_vehumet, gauntlet_entry_generic, kennysheep_slug_shrine
Temple:   hellmonk_temple_of_storms
Lair:1:   layout_regular_city, beast_lair_carwin_6
Lair:2:   layout_cellular_growth, beast_lair_carwin_5
Lair:3:   layout_layer_cave, minmay_swamp_entry_swarm,
          nicolae_spider_entry_lesser_pyramids, lemuel_fruit_fields,
          infiniplex_staircase_pool_2
Lair:4:   layout_regular_city, ebering_ghost_disaster_area, grunt_megastairs_3
Lair:5:   hellmonk_lair_end_abyssal_woods, layout_layer_cave, slime_entry_1,
          grunt_megastairs_2
Swamp:1:  layout_basic_swamp, infiniplex_staircase_pool
Swamp:2:  layout_basic_swamp, evilmike_swamp_ruin_house_5
Swamp:3:  layout_basic_swamp, gammafunk_ghost_hydra_chop, serial_swamp_ruin,
          evilmike_swamp_ruin_rubble_1, evilmike_swamp_ruin_rubble_2,
          evilmike_swamp_ruin_house_1
Swamp:4:  swamp_vile, layout_basic_swamp, gammafunk_ghost_grave,
          uniq_bai_suzhen, uniq_louise
Spider:1: layout_spider_delve, hangedman_spider_tarantella_strand
Spider:2: layout_spider_delve
Spider:3: layout_spider_delve
Spider:4: grunt_spider_rune_island
Slime:1:  layout_caves
Slime:2:  layout_caves, uniq_dissolution
Slime:3:  layout_caves, nicolae_slime_getting_an_eyeful
Slime:4:  layout_caves
Slime:5
Orc:1:    layout_diamond_mine, serial_shops, nicolae_shop_behind_doors
Orc:2:    st_orc_rangers, layout_caves, serial_shops,
          nicolae_shop_bloodbath_and_beyond, shop, nicolae_shop_trees,
          ebering_ghost_gozag
Elf:1:    eino_elf_arrival_shootout, layout_gridlike, hangedman_elf_disciples
Elf:2:    nicolae_elf_blades_crystal_corner, layout_gridlike, uniq_jorgrun
Elf:3:    elf_hall_gauntlet_narrow, layout_geoelf_castle
Vaults:1: v_rooms_4, hangedman_vaults_locks, hangedman_vaults_slice,
          nicolae_vaults_network_barrier, v_pattern_5,
          nicolae_vaults_fighting_squares, v_alt_pattern_1, v_misc_23,
          vaults_mumra_chevron_long, layout_vaults_maze_snakey
Vaults:2: nicolae_vaults_inception_scallops, nicolae_vaults_mini_display_case,
          st_eye, vaults_room_hallway, vaults_standard_mumra_lines,
          vaults_room_boxed, hangedman_vaults_snaps, vaults_dpeg_diagonal,
          vaults_room_grunt_arrival_ludios, hangedman_vaults_maws,
          layout_vaults_omnigrid, minmay_crypt_entry_simple_corners
Vaults:3: vaults_room_door_hall, hangedman_vaults_restitches,
          grunt_vaults_hallway_short, ontoclasm_vaults_eye,
          hangedman_vaults_impose, ontoclasm_vaults_ligature,
          nicolae_vaults_little_squares_4, nicolae_vaults_little_squares_5,
          hangedman_vaults_cutoff, grunt_vaults_diagonal, v_misc_26,
          grunt_vaults_funnel, layout_vaults_big_room
Vaults:4: vaults_room_hangedman_quadrants, vaults_mumra_hex,
          grunt_vaults_trifunnel, v_misc_28, nicolae_vaults_diagonal_hallway_9,
          vaults_dpeg_encased_lava, ontoclasm_vaults_shuriken, v_misc_2,
          hangedman_vaults_pinch, vaults_mumra_hexcomb,
          ontoclasm_vaults_misaligned, vaults_room_door_ring,
          nicolae_vaults_asterisk, vaults_room_ringed_pool,
          nicolae_vaults_little_squares_4, layout_vaults_omnibox
Vaults:5
Crypt:1:  layout_gridlike, st_stairs_7, minmay_strange_pillars
Crypt:2:  layout_chaotic_city, basic_altar, st_small_mortuary
Crypt:3:  due_elkab, layout_chaotic_city, nicolae_tomb_entry_rubble_hallway,
          uniq_jory, uniq_sojobo
Depths:1: layout_cave_pools, hangedman_coc_ice_floe, grunt_decor_junction,
          nicolae_sif_muna_condensation
Depths:2: minmay_octo_star, layout_cave_pools, hangedman_decor_slide_cut,
          pan_entry, grunt_hell_entry_dis_old, serial_shops,
          nicolae_lakefront_shop, abyss_entry_crystal, uniq_mara
Depths:3: minmay_polygon_palace, layout_gridlike, abyss_entry, hell_entry,
          uniq_grunn
Depths:4: grunt_twist_and_shout, layout_cave_shapes, enter_ziggurat_c,
          grunt_qazlal_clouds, pf_hell_entry_tar_river, rand_demon_pan_entry_4
Hell
Zot:1:    grunt_deathspiral_small, layout_concentric_octagons
Zot:2:    layout_misc_corridors, st_stairs_12
Zot:3:    layout_basic
Zot:4:    grunt_zot_stairs_mandelzot, layout_misc_corridors, st_stairs_3,
          uniq_parghit
Zot:5:    layout_basic

Skill      XL: |  1  2  3  4  5  6  7  8  9 10 11 12 13 14 15 16 17 18 19 20 21 22 23 24 25 26 27 |
---------------+----------------------------------------------------------------------------------+-----
Spellcasting   | 4 5 6 7 9 11 13 15 17 18 19 21 | 21.6
Earth Magic    | 4 5 6 8 9 11 13 15 16 18 20 21 23 24 25 26 27 | 27.0
Dodging        | 8 12 14 15 16 18 19 21 24 26 27 | 27.0
Fighting       | 5 8 10 11 13 14 15 16 17 19 21 | 21.1
Conjurations   | 6 11 14 15 17 18 19 21 22 24 26 | 26.7
Shields        | 6 10 11 12 | 12.0
Stealth        | |  2.4
Transmutations | |  1.1

Action                     |  1- 3 |  4- 6 |  7- 9 | 10-12 | 13-15 | 16-18 | 19-21 | 22-24 | 25-27 || total
---------------------------+-------+-------+-------+-------+-------+-------+-------+-------+-------++-------
  Melee: Unarmed           |       |       |       |     5 |       |       |       |       |       ||     5
         Long sword        |       |       |       |       |       |       |       |     3 |       ||     3
   Cast: Sandblast         |    56 |    50 |   129 |   380 |   414 |    94 |    26 |    28 |     4 ||  1181
         Stone Arrow       |       |       |       |   120 |   274 |   131 |    11 |     1 |     2 ||   539
         Borgnjor's Vile C |       |       |       |       |   229 |    84 |    23 |    83 |    33 ||   452
         Lee's Rapid Decon |       |       |       |       |    31 |       |       |       |       ||    31
         Shatter           |       |       |       |       |     9 |   293 |   472 |   469 |   633 ||  1876
         Spellforged Servi |       |       |       |       |       |     1 |       |     1 |    17 ||    19
         Iron Shot         |       |       |       |       |       |       |    11 |   197 |   233 ||   441
         Lehudib's Crystal |       |       |       |       |       |       |       |     2 |    22 ||    24
         Iskenderun's Batt |       |       |       |       |       |       |       |     1 |    17 ||    18
  Evoke: Wand              |       |       |       |     3 |       |     6 |       |       |       ||     9
    Use: Scroll            |       |       |       |    26 |    13 |     3 |     1 |     2 |     2 ||    47
         Potion            |       |       |       |     3 |     4 |       |     2 |       |    12 ||    21
 Armour: Robe              |     8 |     4 |     8 |       |    35 |    73 |    25 |    42 |    36 ||   231
         Steam dragon scal |       |       |    17 |   161 |   115 |       |       |       |       ||   293
  Dodge: Dodged            |     8 |    11 |    55 |   323 |   679 |   199 |    44 |   209 |   233 ||  1761
  Block: Kite shield       |       |       |       |       |       |       |    30 |    99 |   104 ||   233

Table legend: (Time is in decaauts)
 A = Elapsed time spent in this place.
 B = Non-inter-level travel time spent in this place.
 C = Inter-level travel time spent in this place.
 D = Time resting spent in this place.
 E = Time spent auto-exploring this place.
 F = Levels seen in this place.
 G = Mean time per level.
                   A        B        C        D        E       F      G
               +--------+--------+--------+--------+--------+-----+--------+
         Total | 129595 | 122639 |   6956 |  64550 |  41062 |  58 | 2234.4 |
       Dungeon |  23882 |  20601 |   3281 |   4846 |  12437 |  15 | 1592.1 |
        Temple |     47 |     25 |     22 |      0 |     14 |   1 |   47.0 |
          Lair |  11312 |  10412 |    900 |   2961 |   5512 |   5 | 2262.4 |
         Swamp |   8086 |   7942 |    144 |   4970 |   1984 |   4 | 2021.5 |
   Spider Nest |  10546 |  10319 |    227 |   6670 |   2604 |   4 | 2636.5 |
    Slime Pits |  11852 |  11779 |     73 |   8376 |   2015 |   5 | 2370.4 |
  Orcish Mines |   3305 |   2888 |    417 |   1081 |   1228 |   2 | 1652.5 |
   Elven Halls |  10498 |  10317 |    181 |   6910 |   2414 |   3 | 3499.3 |
        Vaults |  13924 |  13374 |    550 |   7175 |   4638 |   5 | 2784.8 |
         Crypt |   9963 |   9861 |    102 |   6679 |   1929 |   3 | 3321.0 |
        Depths |   8633 |   7981 |    652 |   3994 |   2908 |   4 | 2158.2 |
          Hell |    821 |    789 |     32 |    346 |    339 |   1 |  821.0 |
           Zot |  15653 |  15283 |    370 |  10143 |   2821 |   5 | 3130.6 |
      Gauntlet |   1065 |   1065 |      0 |    399 |    215 |   1 | 1065.0 |
               +--------+--------+--------+--------+--------+-----+--------+

Top non-repeatable levels by time:
   Elf:3: 5855 daAuts
   Zot:3: 4750 daAuts
 Slime:4: 4421 daAuts
 Crypt:2: 4156 daAuts
Vaults:2: 4080 daAuts
Spider:1: 3851 daAuts
Vaults:1: 3292 daAuts
 Crypt:3: 3288 daAuts
   Elf:2: 3248 daAuts
 Slime:2: 3234 daAuts
   Zot:1: 3208 daAuts
Vaults:4: 3130 daAuts
  Lair:3: 2858 daAuts
   Zot:2: 2831 daAuts
   Orc:2: 2803 daAuts
